 Dungeon Crawl Stone Soup version 0.21.1-1-g345015f (webtiles) character file.

2081 Kairos the Cudgeler (level 9, -5/66 HPs)
             Began as a Demonspawn Gladiator on Apr 24, 2018.
             Was a Believer of Okawaru.
             Slain by a brown ugly thing (8 damage)
             ... on level 7 of the Dungeon.
             The game lasted 00:16:28 (7907 turns).

Kairos the Cudgeler (Demonspawn Gladiator)          Turns: 7907, Time: 00:16:29

Health: -5/66      AC: 14    Str: 18    XL:     9   Next: 6%
Magic:  0/9        EV: 13    Int: 10    God:    Okawaru [**....]
Gold:   433        SH:  0    Dex: 16    Spells: 8/8 levels left

rFire    + . .     SeeInvis .   e - +1 hand axe (venom)
rCold    . . .     Gourm    .   (no shield)
rNeg     . . .     Faith    .   o - +0 chain mail
rPois    .         Spirit   +   A - +2 hat
rElec    .         Reflect  .   m - +0 cloak
rCorr    .         Harm     .   (no gloves)
MR       .....                  (no boots)
Stlth    ++........             q - amulet of regeneration
HPRegen  0.61/turn              (no ring)
MPRegen  0.11/turn              (no ring)

@: heroism
A: claws 1, thin skeletal structure 1, fire resistance 1, magic shield, flame
cloud immunity
a: Heroism, Renounce Religion


You were on level 7 of the Dungeon.
You worshipped Okawaru.
Okawaru was pleased with you.
You were hungry.

You visited 1 branch of the dungeon, and saw 7 of its levels.
You also visited: Sewer.

You collected 433 gold pieces.

Inventory:

Hand Weapons
 a - a +1 flail
 e - a +1 hand axe of venom (weapon)
 t - the +3 mace "Lauwn" {venom, rN++ Str-4}
   (You found it on level 4 of the Dungeon)

   It poisons the flesh of those it strikes.
   It affects your strength (-4).
   It greatly protects you from negative energy.
 u - a +2 hand axe of pain
Missiles
 d - 3 throwing nets (quivered)
 w - 10 tomahawks
Armour
 b - a +0 leather armour
 m - a +0 cloak (worn)
 o - a +0 chain mail (worn)
 A - a +2 hat (worn)
Jewellery
 q - an amulet of regeneration (around neck)
Wands
 c - a wand of paralysis (16)
 r - a wand of random effects (17)
Scrolls
 h - 2 scrolls of remove curse
 i - 3 scrolls of immolation
 k - 6 scrolls of teleportation
 l - a scroll of fear
 s - 3 scrolls of magic mapping
 x - 2 scrolls of enchant armour
 y - 3 scrolls of identify
 B - 4 scrolls of amnesia
Potions
 g - 4 potions of agility
 j - a potion of flight
 n - a potion of ambrosia
 z - a potion of berserk rage
 C - 2 potions of haste
Books
 p - a book of Changes

   Spells                             Type                      Level
   a - Beastly Appendage              Transmutation                1
   b - Sticks to Snakes               Transmutation                2
   c - Spider Form                    Transmutation/Poison         3
   d - Ice Form                       Ice/Transmutation            4
   e - Blade Hands                    Transmutation                5
 v - a book of Cantrips

   Spells                             Type                      Level
   a - Confusing Touch                Hexes                        1
   b - Animate Skeleton               Necromancy                   1
   c - Summon Small Mammal            Summoning                    1
   d - Apportation                    Translocation                1
Comestibles
 f - 7 rations


   Skills:
 + Level 4.7(9.7) Fighting
 + Level 1.8(10.0) Axes
 + Level 7.3(12.5) Maces & Flails
 + Level 1.9(6.9) Throwing
 + Level 3.5(8.5) Armour
 + Level 5.2(10.2) Dodging
 + Level 3.9(8.9) Stealth
 + Level 1.0 Evocations


You had 8 spell levels left.
You didn't know any spells.

Dungeon Overview and Level Annotations

Branches:
Dungeon (7/15)             Temple (0/1) D:4

Altars:
Ashenzari
Dithmenos
Elyvilon
Fedhas
Gozag
Okawaru
Sif Muna
Trog
Vehumet
Xom
Zin
The Shining One


Innate Abilities, Weirdness & Mutations

You have sharp fingernails.
You have a somewhat thin skeletal structure. (Dex +2, Stealth)
Your flesh is heat resistant. (rF+)
When hurt, damage is shared between your health and your magic reserves.
You are immune to clouds of flame.


Message History

The brown ugly thing is moderately wounded.
The brown ugly thing closely misses you.
You completely miss the brown ugly thing.
The brown ugly thing is heavily wounded.
The brown ugly thing kicks you!
You are splashed with acid!
The acid burns!
* * * LOW HITPOINT WARNING * * *
You hit the brown ugly thing but do no damage.
The brown ugly thing is heavily wounded.
The brown ugly thing kicks you!
* * * LOW HITPOINT WARNING * * *
You are splashed with acid!
The acid burns!
* * * LOW HITPOINT WARNING * * *
You hit the brown ugly thing but do no damage.
The brown ugly thing looks as sick as possible!
The brown ugly thing is heavily wounded.
You hit the brown ugly thing.
The brown ugly thing looks as sick as possible!
The brown ugly thing is heavily wounded.
The brown ugly thing kicks you!
You die...

#.........'_'...##
#.....<.#######..########
#.......# ### #.......#..
#....<..#######.......#..
#.....................'..
#......#######........#..
######................#'#
#..u.....######.....
#..@.....'....'.....
#........#....#.....
#........#....#.....
#........#....#.....
#........##'###.....
######........#...#......
#........######...#......
#........#........#......
#........#........#......


You could see a brown ugly thing.

Vanquished Creatures
  2 ice beasts
  A phantom (D:7)
  A necrophage (D:5)
  An ogre (D:5)
  A sky beast (D:6)
  2 bullfrogs (D:7)
  A big kobold (Sewer)
  A gnoll sergeant (D:7)
  A wyvern zombie (D:7)
  2 scorpions
  A wyvern skeleton (D:7)
  3 wights (D:6)
  3 crimson imps
  3 hounds
  3 jellies
  A bullfrog skeleton (D:4)
  4 orc priests
  An iguana (D:5)
  7 orc wizards
  2 worker ants (D:5)
  4 gnolls
  7 adders
  A river rat (Sewer)
  An ooze (D:3)
  A worm (D:3)
  2 dart slugs
  5 leopard geckos
  15 orcs
  2 ball pythons
  10 bats
  6 giant cockroaches
  5 goblins
  12 hobgoblins
  2 jackals (Sewer)
  2 quokkas
  4 frilled lizards
  13 kobolds
  2 leopard gecko skeletons
  A leopard gecko zombie (D:6)
  17 rats
153 creatures vanquished.

Vanquished Creatures (others)
  An orc wizard (D:5)
1 creature vanquished.

Grand Total: 154 creatures vanquished

Notes
Turn   | Place    | Note
-------+----------+-------------------------------------------
     0 | D:1      | Kairos the Demonspawn Gladiator began the quest for the Orb.
     0 | D:1      | Reached XP level 1. HP: 16/16 MP: 1/1
    67 | D:1      | Gained mutation: You have a somewhat thin skeletal structure. (Dex +2, Stealth) [demonic ancestry]
    67 | D:1      | Reached XP level 2. HP: 9/22 MP: 2/2
    93 | D:1      | You fall through a shaft!
   124 | D:2      | Found a bloodstained altar of Trog.
   454 | D:2      | Reached skill level 3 in Maces & Flails
   597 | D:2      | Found a deep blue altar of Sif Muna.
   606 | D:2      | Found a blossoming altar of Fedhas.
   866 | D:1      | Reached XP level 3. HP: 27/27 MP: 3/3
  1631 | D:2      | Reached skill level 1 in Armour
  1714 | D:2      | Found an opulent altar of Gozag.
  1726 | D:2      | Found a radiant altar of Vehumet.
  1984 | D:3      | Found a glowing drain.
  2015 | Sewer    | Entered a sewer
  2032 | Sewer    | Gained mutation: When hurt, damage is shared between your health and your magic reserves. [demonic ancestry]
  2032 | Sewer    | Reached XP level 4. HP: 33/33 MP: 2/4
  2080 | Sewer    | Noticed a big kobold
  2096 | Sewer    | Killed a big kobold
  2096 | Sewer    | Reached skill level 4 in Maces & Flails
  2096 | Sewer    | Reached skill level 1 in Stealth
  2096 | Sewer    | Reached XP level 5. HP: 37/39 MP: 3/5
  2254 | Sewer    | Found a glowing silver altar of Zin.
  2869 | D:3      | Found a glowing silver altar of Zin.
  3230 | D:4      | Gained mutation: Your flesh is heat resistant. (rF+) [demonic ancestry]
  3230 | D:4      | Reached XP level 6. HP: 43/46 MP: 4/6
  3312 | D:4      | Found a shimmering altar of Xom.
  3347 | D:4      | Found a shattered altar of Ashenzari.
  3677 | D:4      | Found an iron altar of Okawaru.
  3686 | D:4      | Got an encrusted mace
  3688 | D:4      | Identified the +3 mace "Lauwn" {venom, rN++ Str-4} (You found it on level 4 of the Dungeon)
  3695 | D:4      | Became a worshipper of Warmaster Okawaru
  3737 | D:4      | Found a staircase to the Ecumenical Temple.
  3964 | D:5      | Entered Level 5 of the Dungeon
  3979 | D:5      | Found a glowing golden altar of the Shining One.
  4024 | D:5      | Reached skill level 5 in Maces & Flails
  4194 | D:5      | Reached XP level 7. HP: 21/52 MP: 3/7
  4546 | D:5      | Reached skill level 1 in Axes
  4563 | D:5      | Reached * piety under Okawaru
  4893 | D:5      | Reached skill level 1 in Evocations
  5256 | D:6      | Gained mutation: You are immune to clouds of flame. [demonic ancestry]
  5256 | D:6      | Reached XP level 8. HP: 57/59 MP: 8/8
  5333 | D:6      | Reached skill level 6 in Maces & Flails
  5343 | D:6      | Found a white marble altar of Elyvilon.
  5772 | D:6      | Reached ** piety under Okawaru
  6054 | D:7      | Noticed a brown ugly thing
  6063 | D:7      | HP: 1/59 [acid (8)]
  6292 | D:7      | Reached skill level 7 in Maces & Flails
  6305 | D:7      | Found a shadowy altar of Dithmenos.
  6388 | D:7      | HP: 3/60 [poisoned by a wight]
  7013 | D:7      | Reached skill level 5 in Dodging
  7229 | D:7      | Gained mutation: You have sharp fingernails. [demonic ancestry]
  7229 | D:7      | Reached XP level 9. HP: 47/66 MP: 7/9
  7905 | D:7      | HP: 2/66 [acid (7)]
  7907 | D:7      | Slain by a brown ugly thing

Skill      XL: |  1  2  3  4  5  6  7  8 |
---------------+-------------------------+-----
Dodging        | 3 4 5 |  5.2
Maces & Flails | 3 4 5 7 |  7.3
Armour         | 1 2 3 |  3.5
Stealth        | 1 2 3 |  3.9
Fighting       | 3 4 |  4.7
Axes           | 1 |  1.8
Evocations     | 1 |  1.0
Throwing       | |  1.9

Action                   |  1- 3 |  4- 6 |  7- 9 || total
-------------------------+-------+-------+-------++-------
Melee: Flail             |   163 |   132 |    22 ||   317
       Mace              |       |    26 |   224 ||   250
       Hand axe          |       |     9 |   107 ||   116
Invok: Heroism           |       |       |     2 ||     2
Evoke: Wand              |       |     2 |       ||     2
  Use: Scroll            |     5 |     6 |     5 ||    16
       Potion            |       |     3 |     2 ||     5
 Stab: Sleeping          |     9 |     6 |     6 ||    21
  Eat: Chunk             |     3 |     4 |     2 ||     9
       Ration            |       |     1 |     3 ||     4
Armor: Leather armour    |    53 |    62 |    74 ||   189
       Chain mail        |       |       |    48 ||    48
Dodge: Dodged            |   104 |   136 |   205 ||   445
